 Dungeon Crawl Stone Soup version 0.20.1-1-g8b1a95d (webtiles) character file.

129 Artikas the Skirmisher (level 4, -1/42 HPs)
             Began as a Minotaur Berserker on Dec 11, 2017.
             Was a Believer of Trog.
             Slain by a wight
             ... wielding a +4 flail
              (14 damage)
             ... on level 1 of the Dungeon.
             The game lasted 00:07:50 (2096 turns).

Artikas the Skirmisher (Minotaur Berserker)         Turns: 2096, Time: 00:07:51

Health: -1/42      AC:  2    Str: 22    XL:     4   Next: 88%
Magic:  3/3        EV:  8    Int:  4    God:    Trog [**....]
Gold:   107        SH:  7    Dex: 10    Spells: 3/3 levels left

rFire    . . .     SeeInvis +   a - +0 hand axe
rCold    . . .     Gourm    .   d - +0 shield
rNeg     . . .     Faith    .   b - +0 animal skin
rPois    .         Spirit   .   (helmet restricted)
rElec    .         Reflect  .   (no cloak)
rCorr    .         Harm     .   (no gloves)
MR       .....                  (no boots)
Stlth    +.........             (no amulet)
Regen    0.2/turn               k - ring of see invisible
MPRegen  0.1/turn               (no ring)

@: heavily drained
A: retaliatory headbutt, horns 2
a: Berserk, Trog's Hand, Burn Spellbooks, Renounce Religion


You were on level 1 of the Dungeon.
You worshipped Trog.
Trog was pleased with you.
You were not hungry.

You visited 1 branch of the dungeon, and saw 3 of its levels.

You collected 107 gold pieces.

Inventory:

Hand Weapons
 a - a +0 hand axe (weapon)
Armour
 b - a +0 animal skin (worn)
 d - a +0 shield (worn)
Jewellery
 k - a ring of see invisible (left hand)
Scrolls
 e - a scroll of identify
 l - a scroll of remove curse
Potions
 h - a potion of flight
Comestibles
 c - 2 bread rations


   Skills:
 + Level 5.0(2.6) Fighting
 + Level 4.8(2.4) Axes
 + Level 2.8(0.5) Armour
 + Level 3.3(1.0) Dodging
 + Level 0.3(0.0) Stealth


You had 3 spell levels left.
You didn't know any spells.

Dungeon Overview and Level Annotations

Branches:
Dungeon (3/15)

Altars:
Fedhas


Innate Abilities, Weirdness & Mutations

You reflexively headbutt those who attack you in melee.
You have a pair of horns on your head.


Message History

The wight is lightly damaged.
The wight hits you with an enchanted flail!
You feel drained.
You hit the wight but do no damage.
The wight is lightly damaged.
The wight hits you with an enchanted flail!
* * * LOW HITPOINT WARNING * * *
The wight barely misses you.
You climb upwards.
There is a stone staircase leading down here.
It was a potion of curing.
You feel better.
A goblin comes into view. It is wielding a club.
You closely miss the wight. You headbutt the wight!
The wight is almost destroyed.
The wight hits you with an enchanted flail.
You block the wight's attack.
You barely miss the wight. Your headbutt misses the wight.
The wight is almost destroyed.
The wight hits you with an enchanted flail!
You die...

#..)...#........##.>.
##.##.##.............
#.##.##.#########.##
#.......# #.##
#.......#########...
#.##.#..........####
#.##....#######....รท
#.#####.### ######
#.z@g.....#
#########.# #########
#.# #.......# #.#
##...8.8.###.#
#.........##.#
#...)....8##.#
#.#..###..##.#
#.#(.#w#...#.#


You could see a wight and a goblin.

Vanquished Creatures
  A wight (D:2)
  4 adders (D:2)
  An ooze (D:2)
  2 dart slugs
  2 leopard geckos
  2 giant cockroaches (D:2)
  4 goblins
  4 hobgoblins
  A jackal (D:2)
  10 kobolds
  2 quokkas (D:2)
  2 bats
  2 frilled lizards (D:2)
  7 rats
  9 fungi (D:2)
  8 plants (D:2)
61 creatures vanquished.

Notes
Turn   | Place    | Note
-------+----------+-------------------------------------------
     0 | D:1      | Artikas the Minotaur Berserker began the quest for the Orb.
     0 | D:1      | Reached XP level 1. HP: 19/19 MP: 0/0
     6 | D:1      | Noticed an iguana
     6 | D:1      | Noticed a tyrant leech
     6 | D:1      | Noticed a queen ant
     6 | D:1      | Noticed a centaur warrior
   127 | D:1      | Reached XP level 2. HP: 26/27 MP: 1/1
   144 | D:1      | Reached skill level 4 in Fighting
   687 | D:2      | Reached XP level 3. HP: 23/33 MP: 2/2
  1042 | D:2      | Found a blossoming altar of Fedhas.
  1108 | D:2      | Reached XP level 4. HP: 29/41 MP: 3/3
  1573 | D:2      | Reached ** piety under Trog
  1651 | D:2      | Reached skill level 5 in Fighting
  2096 | D:1      | Slain by a wight

Skill      XL: |  1  2  3  4 |
---------------+-------------+-----
Fighting       | 4 5 |  5.0
Axes           | 4 |  4.8
Dodging        | 3 |  3.3
Armour         | |  2.8
Stealth        | |  0.3

Action                   |  1- 3 |  4- 6 || total
-------------------------+-------+-------++-------
Melee: Hand axe          |   107 |   169 ||   276
       Headbutt          |    28 |    73 ||   101
  Use: Scroll            |     1 |     4 ||     5
       Potion            |       |     3 ||     3
 Stab: Sleeping          |       |     1 ||     1
  Eat: Chunk             |       |     4 ||     4
Armor: Animal skin       |    12 |       ||    12
Dodge: Dodged            |    33 |    18 ||    51
Block: Shield            |     9 |    14 ||    23
